 Dungeon Crawl Stone Soup version 0.26-a0-538-ge4b5d95 (webtiles) character file.

Game seed: 11433937364771022979

148 MrTaco21 the Cudgeler (level 5, -7/32 HPs)
             Began as a Gargoyle Fighter on Aug 14, 2020.
             Mangled by an orc warrior
             ... wielding a +0 hand axe
              (9 damage)
             ... on level 2 of the Dungeon.
             The game lasted 00:02:37 (2505 turns).

MrTaco21 the Cudgeler (Gargoyle Fighter)            Turns: 2505, Time: 00:02:37

Health: -7/32      AC: 13    Str: 21    XL:     5   Next: 30%
Magic:  5/5        EV:  7    Int:  8    God:
Gold:   98         SH:  9    Dex:  9    Spells: 4/4 levels left

rFire    . . .     SeeInvis .   a - +0 flail
rCold    . . .     Faith    .   c - +0 kite shield
rNeg     + . .     Spirit   .   k - +3 scale mail {rPois}
rPois    ∞         Reflect  .   (no helmet)
rElec    +         Harm     .   (no cloak)
rCorr    .                      (no gloves)
MR       .....                  (no boots)
Stlth    ..........             (no amulet)
HPRegen  0.10/turn              (no ring)
MPRegen  0.09/turn              (no ring)

@: no status effects
A: negative energy resistance 1, electricity resistance, unbreathing,
petrification resistance, rot immunity, AC +4
a: no special abilities


You were on level 2 of the Dungeon.
You visited 1 branch of the dungeon, and saw 3 of its levels.

You collected 98 gold pieces.

Inventory:

Hand Weapons
 a - a +0 flail (weapon)
Missiles
 l - 10 poisoned darts (quivered)
Armour
 c - a +0 kite shield (worn)
 k - a +3 scale mail of poison resistance (worn)
   (You took it off Terence on level 2 of the Dungeon)
Scrolls
 b - a scroll of random uselessness {unknown}
 e - 3 scrolls of identify {unknown}
 g - 2 scrolls of remove curse {unknown}
 h - 2 scrolls of fog {unknown}
 i - 2 scrolls of enchant armour {unknown}
 m - a scroll of fear {unknown}
Potions
 d - a potion of might
 f - 3 potions of cancellation {unknown}
 j - a potion of curing {unknown}
 n - a potion of flight {unknown}


   Skills:
 - Level 3.2 Fighting
 + Level 5.3 Maces & Flails
 - Level 3.2 Armour
 - Level 3.2 Shields


You had 4 spell levels left.
You didn't know any spells.
Your spell library was empty.

Dungeon Overview and Level Annotations

Branches:
Dungeon (3/15)

Altars:


Innate Abilities, Weirdness & Mutations

You are resistant to torment.
Your stone body is resilient. (AC +4)
You are immune to poison.
You resist negative energy. (rN+)
You are resistant to electric shocks. (rElec)
You can survive without breathing.
You are immune to petrification.
You are immune to rotting.


Message History

An orc comes into view.
The orc shouts!
You hear a shout!
The orc moves out of view.
An orc wizard comes into view. It is wielding a +0 dagger.
An orc wizard is nearby!
An orc warrior comes into view. It is wielding a +0 hand axe.
The orc warrior shouts!
A hobgoblin comes into view. It is wielding a +0 club.
The hobgoblin shouts!
A hobgoblin comes into view.
The orc warrior hits you with a +0 hand axe.
You hit the orc warrior.
The orc wizard points at you and mumbles some strange words.
The puff of flame hits you. You block the orc warrior's attack.
The orc hits you but does no damage.
You closely miss the orc warrior.
The orc wizard gestures at you while chanting.
You block the puff of flame. The orc hits you but does no damage.
The orc warrior hits you with a +0 hand axe!
* * * LOW HITPOINT WARNING * * *
The orc throws a boomerang.
The boomerang hits you.
* * * LOW HITPOINT WARNING * * *
The weapon returns to the orc!
The orc wizard casts a spell at you. You block the puff of flame.
There is a stone staircase leading up here.
Things that are here:
a +0 club; a goblin corpse You block the orc warrior's attack.
You climb upwards.
There is a stone staircase leading down here.
You sock the orc warrior! The orc warrior closely misses you.
You hit the orc warrior but do no damage.
You block the orc warrior's attack.
You barely miss the orc warrior. You block the orc warrior's attack.
Unknown command.
You hit the orc warrior but do no damage.
The orc warrior hits you with a +0 hand axe!
* * * LOW HITPOINT WARNING * * *
You closely miss the orc warrior. You block the orc warrior's attack.
Unknown command.
You sock the orc warrior!
The orc warrior hits you but does no damage.
Unknown command.
Your shield prevents you from hitting the orc warrior.
You block the orc warrior's attack.
Unknown command.
You closely miss the orc warrior.
The orc warrior hits you with a +0 hand axe!
You die...

##.#.#<#.#.#
###....#####.#
#............#
#####.#...........
#.................
####.###.##.#########
#.........#.#
#.##.###..#.#########
#.##@.......<........
#.##o###..#.###...###
#...........≈........
#...............≈..≈≈
#............≈≈≈≈≈≈≈≈
#............≈≈≈≈≈≈≈≈
##.........#.≈≈≈≈≈≈≈≈
####.....##.≈≈≈≈♣.≈≈
#.....##.≈≈≈≈♣_≈≈


You could see an orc warrior.

Vanquished Creatures
  Terence (D:2)
  6 adders
  An ooze (D:1)
  2 worms
  2 dart slugs (D:1)
  3 leopard geckos
  3 orcs (D:3)
  5 bats
  A giant cockroach (D:2)
  6 goblins
  6 hobgoblins
  3 jackals (D:2)
  3 kobolds
  8 rats
50 creatures vanquished.

Notes
Turn   | Place    | Note
-------+----------+-------------------------------------------
     0 | D:1      | MrTaco21 the Gargoyle Fighter began the quest for the Orb.
     0 | D:1      | Reached XP level 1. HP: 14/14 MP: 1/1
   116 | D:1      | Reached XP level 2. HP: 19/19 MP: 2/2
   199 | D:1      | Reached skill level 3 in Maces & Flails
   300 | D:1      | Reached XP level 3. HP: 23/23 MP: 3/3
   712 | D:2      | Found a faded altar of an unknown god.
   861 | D:2      | Reached skill level 4 in Maces & Flails
   962 | D:2      | Reached XP level 4. HP: 28/28 MP: 4/4
  1709 | D:2      | Noticed Terence
  1722 | D:2      | Killed Terence
  2085 | D:3      | Reached skill level 5 in Maces & Flails
  2085 | D:3      | Reached XP level 5. HP: 31/32 MP: 5/5
  2485 | D:3      | Noticed an orc warrior
  2501 | D:2      | HP: 1/32 [orc warrior/+0 hand axe (11)]
  2505 | D:2      | Mangled by an orc warrior

Illustrated notes

Levels and vault maps discovered:
D:1:      dpeg_arrival_windows_large_door, layout_basic
D:2:      layout_basic, chequers_ecumenical_altar_island, uniq_terence
D:3:      wad_woods_pond, layout_basic, okawaru_ov_weapons_minmay

Skill      XL: |  1  2  3  4 |
---------------+-------------+-----
Maces & Flails | 3 4 5 |  5.3
Fighting       | |  3.2
Armour         | |  3.2
Shields        | |  3.2

Action                   |  1- 3 |  4- 6 || total
-------------------------+-------+-------++-------
Melee: Flail             |    67 |   125 ||   192
Armor: Scale mail        |    29 |    66 ||    95
Dodge: Dodged            |    24 |    28 ||    52
Block: Kite shield       |    27 |    50 ||    77

Table legend: (Time is in decaauts)
 A = Elapsed time spent in this place.
 B = Non-inter-level travel time spent in this place.
 C = Inter-level travel time spent in this place.
 D = Time resting spent in this place.
 E = Time spent auto-exploring this place.
 F = Levels seen in this place.
 G = Mean time per level.
                   A        B        C        D        E       F      G
               +--------+--------+--------+--------+--------+-----+--------+
         Total |   2560 |   2449 |    111 |      0 |   2010 |   3 |  853.3 |
       Dungeon |   2560 |   2449 |    111 |      0 |   2010 |   3 |  853.3 |
               +--------+--------+--------+--------+--------+-----+--------+

Top non-repeatable levels by time:
     D:2: 1407 daAuts
     D:1: 688 daAuts
     D:3: 464 daAuts
